AoeStats
← wujiang

African Clearing

510448677Analyzed
2v2 RM · 15h ago on Oct 1, 2026· 30m 26s· 4 players
Game mode
Random Map
Map size
Medium (4 player)
Population
200
Speed
Normal
Resources
Standard
Victory
Conquest
Starting age
Dark Age
Ending age
Imperial Age
RankedLock teamsTeams togetherTeam positionsShared explorationLock speedFull tech treeHidden civsTurbo modeCheats
Victory
Defeat
🇨🇱 Mongols · Chile
899
+13
🇨🇱 Franks · Chile
842
+15
🇨🇳 Spanish · China
1015
-21
629
-7
你只是一个丑企鹅
14:01 Loom
16:47 Feudal Age
18:06 Wheelbarrow
17:22 Man-at-Arms
17:48 Arson
18:58 Double-Bit Axe
21:51 Scale Mail Armor
21:54 Horse Collar
22:50 Forging
30:36 Castle Age
28:26 Town Watch
28:33 Gold Mining
wujiang
3:32 Loom
13:21 Feudal Age
17:29 Castle Age
15:47 Double-Bit Axe
16:47 Stone Mining
18:32 Bow Saw
22:07 Wheelbarrow
23:26 Padded Archer Armor
26:35 Horse Collar
28:38 Leather Archer Armor
diegogabriel6
11:57 Loom
12:24 Loom
15:02 Feudal Age
19:01 Castle Age
18:15 Wheelbarrow
17:56 Stone Mining
19:04 Scale Barding Armor
20:35 Bloodlines
25:16 Forging
25:45 Fletching
28:31 Bodkin Arrow
ElLechero901
16:08 Feudal Age
16:30 Loom
19:36 Wheelbarrow
23:27 Castle Age
26:45 Stone Mining
26:44 Double-Bit Axe
Connection lost

Rejoining the realm…

Still unreachable

The connection could not be restored.

Session expired

The server has moved on; the page needs a fresh start.